 Dungeon Crawl Stone Soup version 0.22.1-2-g9c5b331 (webtiles) character file.

49 goosey the Skirmisher (level 3, -3/33 HPs)
             Began as a Draconian Berserker on Dec 5, 2018.
             Was a Believer of Trog.
             Slain by a hippogriff (9 damage)
             ... on level 2 of the Dungeon.
             The game lasted 00:15:14 (1026 turns).

goosey the Skirmisher (Draconian Berserker)         Turns: 1026, Time: 00:15:15

Health: -3/33      AC:  5    Str: 20    XL:     3   Next: 53%
Magic:  3/3        EV: 12    Int:  7    God:    Trog [**....]
Gold:   53         SH:  3    Dex: 10    Spells: 2/2 levels left

rFire    . . .     SeeInvis .   a - +0 falchion
rCold    . . .     Gourm    .   j - +0 buckler
rNeg     . . .     Faith    +   (armour unavailable)
rPois    .         Spirit   .   (helmet restricted)
rElec    .         Reflect  .   (no cloak)
rCorr    .         Harm     .   (no gloves)
MR       .....                  (no boots)
Stlth    +.........             e - amulet of faith
HPRegen  0.11/turn              (no ring)
MPRegen  0.08/turn              (no ring)

@: no status effects
A: unfitting armour, cold-blooded, AC +5
a: Berserk, Trog's Hand, Renounce Religion


You were on level 2 of the Dungeon.
You worshipped Trog.
Trog was pleased with you.
You were not hungry.

You visited 1 branch of the dungeon, and saw 2 of its levels.

You collected 53 gold pieces.

Inventory:

Hand Weapons
 a - a +0 falchion (weapon)
 f - a +0 dagger
 h - a +0 dagger
 i - a +0 club
 q - a +0 short sword
Missiles
 b - 16 arrows
 c - 12 poisoned needles
 n - 65 stones (quivered)
Armour
 j - a +0 buckler (worn)
 m - a +0 leather armour
Jewellery
 e - an amulet of faith (around neck)
Scrolls
 d - a scroll of identify
 g - a scroll of immolation {unknown}
 k - a scroll of teleportation {unknown}
 r - a scroll of blinking {unknown}
Potions
 o - a potion of lignification {unknown}
 s - 2 potions of brilliance {unknown}
Comestibles
 l - 2 rations
 p - 2 chunks of flesh


   Skills:
 + Level 3.8 Fighting
 + Level 3.6 Long Blades
 + Level 3.3 Dodging


You had 2 spell levels left.
You didn't know any spells.
Your spell library was empty.

Dungeon Overview and Level Annotations

Branches:
Dungeon (2/15)

Altars:


Innate Abilities, Weirdness & Mutations

Your plain brown scales are hard. (AC +5)
You cannot fit into any form of body armour.
You are cold-blooded and may be slowed by cold attacks.


Message History

The giant cockroach barely misses you.
You completely miss the giant cockroach.
The giant cockroach bites you but does no damage.
You hit the giant cockroach.
You kill the giant cockroach!
Trog accepts your kill. The hippogriff bites you. The hippogriff pecks you.
The hippogriff claws you. The hippogriff barely misses you.
You block the hippogriff's attack. The hippogriff claws you.
You slash the hippogriff!
The hippogriff is lightly wounded.
The hippogriff bites you!
* * * LOW HITPOINT WARNING * * *
You block the hippogriff's attack. The hippogriff claws you.
* * * LOW HITPOINT WARNING * * *
You hit the hippogriff but do no damage.
You tail-slap the hippogriff, but do no damage.
The hippogriff is lightly wounded.
The hippogriff bites you!
You die...

# # # ######## .......#
.......#
.......###############
................H....##.
................@.......
..#.######............#.
..#.# #..............
..#.# #...........#..
#.#.#### #...........# .
#.#....###.###########
#.................
###.##.###.#######
###....###.#####


You could see a hippogriff.

Vanquished Creatures
  2 adders (D:2)
  2 dart slugs (D:1)
  2 leopard geckos (D:2)
  6 bats
  A giant cockroach (D:2)
  5 goblins
  2 hobgoblins (D:1)
  4 frilled lizards
  3 rats
27 creatures vanquished.

Notes
Turn   | Place    | Note
-------+----------+-------------------------------------------
     0 | D:1      | goosey the Draconian Berserker began the quest for the Orb.
     0 | D:1      | Reached XP level 1. HP: 19/19 MP: 1/1
   184 | D:1      | Reached XP level 2. HP: 23/26 MP: 2/2
   769 | D:2      | Reached XP level 3. HP: 26/33 MP: 3/3
   931 | D:2      | Reached ** piety under Trog
  1018 | D:2      | Noticed a hippogriff
  1026 | D:2      | Slain by a hippogriff

Skill      XL: |  1  2 |
---------------+-------+-----
Dodging        | 3 |  3.3
Fighting       | |  3.8
Long Blades    | |  3.6

Action                   || total
-------------------------++-------
Melee: Falchion          ||    67
       Tailslap          ||     7
Invok: Berserk           ||     1
  Use: Scroll            ||     1
  Eat: Ration            ||     1
Armor: Skin              ||    27
Dodge: Dodged            ||    48
Block: Buckler           ||     8
       Rpst.: Falchion   ||    14
